 Dungeon Crawl Stone Soup version 0.30-a0-610-gb513c0a51f (webtiles) character file.

Game seed: 8256036669448628597

18 BaabKaare the Firebug (level 2, -2/11 (19) HPs)
             Began as a Human Fire Elementalist on Jan 8, 2023.
             Slain by a necrophage (6 damage)
             ... on level 2 of the Dungeon.
             The game lasted 00:07:55 (859 turns).

BaabKaare the Firebug (Human Fire Elementalist)      Turns: 859, Time: 00:07:55

HP:   -2/11 (19)    AC:  2    Str:  8    XL:     2   Next: 90%
MP:   2/5           EV: 12    Int: 15    God:
Gold: 82            SH:  0    Dex: 13    Spells: 2/5 levels left

rFire   . . .      SeeInvis .    f - +0 whip
rCold   . . .      Faith    .    (no shield)
rNeg    . . .      Spirit   .    a - +0 robe
rPois   .          Reflect  .    (no helmet)
rElec   .          Harm     .    (no cloak)
rCorr   .          Rampage  .    (no gloves)
Will    .....                    (no boots)
Stlth   ++                       i - amulet of regeneration
HPRegen 1.01/turn                (no ring)
MPRegen 0.09/turn                (no ring)

@: very heavily drained
A: no striking features
a: no special abilities


You were on level 2 of the Dungeon.
You visited 1 branch of the dungeon, and saw 3 of its levels.

You collected 82 gold pieces.

Inventory:

Hand Weapons
 d - a +0 club
 f - a +0 whip (weapon)
Armour
 a - a +0 robe (worn)
Jewellery
 i - an amulet of regeneration (around neck)
Scrolls
 c - a scroll of teleportation {unknown}
 j - a scroll of identify {unknown}
 l - a scroll of enchant weapon {unknown}
Potions
 e - 2 potions of heal wounds {unknown}
 g - a potion of berserk rage {unknown}
 h - a potion of curing {unknown}
 k - a potion of brilliance {unknown}


   Skills:
 + Level 2.1 Dodging
 + Level 2.3 Stealth
 + Level 2.1 Spellcasting
 + Level 1.0 Conjurations
 + Level 3.4 Fire Magic


You had 2 spell levels left.
You knew the following spells:

 Your Spells              Type           Power      Damage    Failure   Level
a - Foxfire               Conj/Fire      32%        2x1d5     9%          1
b - Scorch                Fire           22%        2d6       9%          2

Your spell library contained the following spells:

 Spells                   Type           Power      Damage    Failure   Level
 Necrotise                Necr           4%         1d4       22%         1
 Inner Flame              Hex/Fire       6%         N/A       32%         3
 Kindle Blastsparks       Fire/Tloc/Air  10%        2d10      38%         3
 Vampiric Draining        Necr           1%         2d6       54%         3
 Flame Wave               Conj/Fire      8%         2d5       65%         4
 Agony                    Necr           1%         N/A       99%         5


Dungeon Overview and Level Annotations

Branches:
Dungeon (3/15)

Altars:


Message History

The necrophage attacks as you move away!
The necrophage hits you.
You feel drained.
A jackal comes into view.
The jackal barks!
You hear a bark!
You hear a shout!
You hear a bark!
There is an open door here.
Casting: Scorch (safe; 9% risk of failure)
Confirm with . or Enter, or press ? or * to list all spells.
Flames lash the necrophage.
The necrophage is moderately damaged.
The necrophage's fire resistance burns away.
The necrophage misses you. The jackal bites you.
Casting: Scorch (safe; 9% risk of failure)
Confirm with . or Enter, or press ? or * to list all spells.
Flames lash the necrophage.
The necrophage is burned terribly!
The necrophage is heavily damaged.
The jackal closely misses you.
The necrophage hits you but does no damage.
A worm comes into view.
The jackal barely misses you.
Casting: Scorch (safe; 9% risk of failure)
Confirm with . or Enter, or press ? or * to list all spells.
You don't know that spell.
Unknown command.
The necrophage misses you.
You see here 3 stones.
The necrophage hits you.
You feel drained.
* * * LOW HITPOINT WARNING * * *
The jackal closely misses you. The jackal attacks as you move away!
The jackal closely misses you. The jackal misses you.
The necrophage attacks as you move away!
The necrophage hits you.
* * * LOW HITPOINT WARNING * * *
The necrophage attacks as you move away!
The necrophage hits you but does no damage.
The adder hisses angrily.
The necrophage attacks as you move away!
The necrophage hits you.
Ouch! That really hurt!
You die...

#...# ##'##
##...##
##(....##
##.......## .
#.[...>...##..
+......)......
#..hn.........
##..@....#....
##.<...##....
##[..## #..
##'## .. .S.
#..## #..#
#... ....


You could see a necrophage (combustible), an adder and a jackal.

Vanquished Creatures
  2 ball pythons
  2 endoplasms (D:1)
  3 goblins
  3 hobgoblins (D:1)
  2 kobolds (D:1)
  A quokka (D:1)
  2 bats (D:1)
  A rat (D:1)
16 creatures vanquished.

Vanquished Creatures (others)
  33 foxfires
33 creatures vanquished.

Grand Total: 49 creatures vanquished

Notes
Turn   | Place    | Note
-------+----------+-------------------------------------------
     0 | D:1      | BaabKaare the Human Fire Elementalist began the quest for
                  | the Orb.
     0 | D:1      | Reached XP level 1. HP: 13/13 MP: 3/3
   125 | D:1      | Reached XP level 2. HP: 19/19 MP: 3/5
   202 | D:1      | Learned a level 2 spell: Scorch
   828 | D:2      | Noticed a necrophage
   859 | D:2      | Slain by a necrophage

Illustrated notes

Levels and vault maps discovered:
D:1:      lightli_arrival_lavapool, layout_basic, dreamdust_wishing_well
D:2:      layout_loops_corners, minmay_hedge_maze, kennysheep_generic_room_14,
          uniq_natasha
D:3:      layout_basic, serial_glass, glass_columns_a, glass_columns_a,
          feat_on_display, item_on_display_a

Action                   || total
-------------------------++-------
Melee: Whip              ||     1
 Cast: Foxfire           ||    19
       Scorch            ||     6
  Use: Potion            ||     1
Armor: Robe              ||     5
Dodge: Dodged            ||    20

Table legend: (Time is in decaauts)
 A = Elapsed time spent in this place.
 B = Non-inter-level travel time spent in this place.
 C = Inter-level travel time spent in this place.
 D = Time resting spent in this place.
 E = Time spent auto-exploring this place.
 F = Levels seen in this place.
 G = Mean time per level.
                   A        B        C        D        E       F      G
               +--------+--------+--------+--------+--------+-----+--------+
         Total |    859 |    859 |      0 |    411 |     38 |   3 |  286.3 |
       Dungeon |    859 |    859 |      0 |    411 |     38 |   3 |  286.3 |
               +--------+--------+--------+--------+--------+-----+--------+

Top non-repeatable levels by time:
     D:1: 616 daAuts
     D:2: 241 daAuts
     D:3: 1 daAuts
